 Dungeon Crawl Stone Soup version 0.26-a0-54-g15ccc7ae60 (webtiles) character file.

Game seed: 12270371658678246136

181 vurker the Gusty (level 5, 0/30 HPs)
             Began as a Tengu Air Elementalist on June 7, 2020.
             Splashed by Ijyb's acid (13 damage)
             ... on level 4 of the Dungeon.
             The game lasted 00:03:44 (3920 turns).

vurker the Gusty (Tengu Air Elementalist)           Turns: 3920, Time: 00:03:45

Health: 0/30       AC: -1    Str:  8    XL:     5   Next: 61%
Magic:  12/20      EV: 15    Int: 21    God:
Gold:   235        SH:  0    Dex: 14    Spells: 0/10 levels left

rFire    . . .     SeeInvis .   a - +5 hunting sling "Vivohotu" {venom, MP+9 Int+4}
rCold    . . .     Gourm    .   (no shield)
rNeg     . . .     Faith    .   A - +0 robe
rPois    .         Spirit   .   (helmet restricted)
rElec    .         Reflect  .   i - +0 cloak
rCorr    .         Harm     .   (no gloves)
MR       .....                  (boots unavailable)
Stlth    ++........             p - amulet of regeneration
HPRegen  0.50/turn              (no ring)
MPRegen  0.17/turn              (no ring)

@: corroded, flying quickly and evasively, quick
A: beak, talons 3, able to fly
a: Stop Flying


You were on level 4 of the Dungeon.
You were not hungry.

You visited 1 branch of the dungeon, and saw 4 of its levels.

You collected 235 gold pieces.

Inventory:

Hand Weapons
 a - the +5 hunting sling "Vivohotu" (weapon) {venom, MP+9 Int+4}
   (You found it on level 4 of the Dungeon)

   It poisons the ammo it fires.
   It affects your intelligence (+4).
   It affects your magic capacity (+9).
 b - a +0 short sword
   (You took it off a kobold on level 1 of the Dungeon)
Missiles
 k - a throwing net (quivered)
Armour
 i - a +0 cloak (worn)
   (You found it on level 2 of the Dungeon)
 A - a +0 robe (worn)
Jewellery
 p - an amulet of regeneration (around neck)
   (You found it on level 2 of the Dungeon)
Wands
 t - a wand of flame (18)
   (You found it on level 3 of the Dungeon)
 w - a wand of polymorph (3)
   (You found it on level 3 of the Dungeon)
Scrolls
 f - a scroll of fog {unknown}
 g - a scroll of immolation {unknown}
 j - 3 scrolls of enchant armour {unknown}
 m - 5 scrolls of identify {unknown}
 n - 2 scrolls of teleportation {unknown}
 q - a scroll of amnesia {unknown}
 s - 2 scrolls of blinking {unknown}
 u - 2 scrolls of remove curse {unknown}
 x - 2 scrolls of fear {unknown}
 y - a scroll of noise {unknown}
Potions
 c - a potion of resistance {unknown}
 d - a potion of magic {unknown}
 h - 5 potions of curing {unknown}
 l - 2 potions of heal wounds {unknown}
 r - a potion of might {unknown}
 v - a potion of lignification {unknown}
 z - a potion of brilliance {unknown}
Comestibles
 e - 7 rations
 o - 3 chunks of flesh


   Skills:
 + Level 1.8 Fighting
 - Level 2.1 Dodging
 - Level 2.0 Stealth
 * Level 3.3 Spellcasting
 + Level 2.9 Conjurations
 * Level 5.8 Air Magic


You couldn't memorise any spells.
You knew the following spells:

 Your Spells              Type           Power        Failure   Level  Hunger
a - Shock                 Conj/Air       ###.         2%          1    None
b - Lightning Bolt        Conj/Air       ###.......   52%         5    ######.
c - Airstrike             Air            ####......   12%         4    ####...

Your spell library contained the following spells:

 Spells                   Type           Power        Failure   Level  Hunger
 Swiftness                Chrm/Air       ###.....     6%          2    ##.....
 Static Discharge         Conj/Air       ###.....     6%          3    ###....


Dungeon Overview and Level Annotations

Branches:
Dungeon (4/15)
 Temple: D:4-7

Altars:
Ashenzari
Okawaru
Sif Muna
Uskayaw
Wu Jian

Annotations:
D:4 Ijyb


Innate Abilities, Weirdness & Mutations

You have a beak for a mouth.
You have claws for feet.
You can fly continuously.


Message History

Found 24 arrows.
You butcher the jackal corpse.
o - 2 chunks of flesh You see here a jackal skeleton. x2
You can't see any susceptible monsters within range! (Use Z to cast anyway.)
You can't see any susceptible monsters within range! (Use Z to cast anyway.)
You butcher the orc corpse.
o - 3 chunks of flesh (gained 1)
You see here an orc skeleton. x2
m - 5 scrolls labeled WAEP JUOSIMUO (gained 1)
You see here an orc skeleton.
Found a scroll labeled QARUHO GUMIFES.
l - 2 sedimented emerald potions (gained 1)
j - 3 scrolls labeled QARUHO GUMIFES (gained 1)
Found 3 scrolls labeled WAEP JUOSIMUO.
Ijyb the Twisted Goblin comes into view.
She is carrying a wand of acid (12).
Aim: Ijyb, wearing a +0 leather armour and carrying a wand of acid (12) (asleep)
The zap hits Ijyb.
Ijyb shouts!
Aim: Ijyb, wearing a +0 leather armour and carrying a wand of acid (12) (lightly wounded)
The zap hits Ijyb but does no damage.
Aim: Ijyb, wearing a +0 leather armour and carrying a wand of acid (12) (lightly wounded)
The zap hits Ijyb but does no damage.
The zap hits Ijyb.
Aim: Ijyb, wearing a +0 leather armour and carrying a wand of acid (12) (moderately wounded)
The zap hits Ijyb.
Aim: Ijyb, wearing a +0 leather armour and carrying a wand of acid (12) (heavily wounded)
The zap hits Ijyb but does no damage.
Ijyb zaps a wand.
The bolt of acid misses you.
Aim: Ijyb, wearing a +0 leather armour and carrying a wand of acid (11) (heavily wounded)
The zap misses Ijyb.
Aim: Ijyb, wearing a +0 leather armour and carrying a wand of acid (11) (heavily wounded)
The zap misses Ijyb.
Aim: Ijyb, wearing a +0 leather armour and carrying a wand of acid (11) (heavily wounded)
The zap misses Ijyb.
Ijyb screams, "Me stronger than you!" Ijyb misses you.
Aim: Ijyb, wearing a +0 leather armour and carrying a wand of acid (11) (heavily wounded)
The zap hits Ijyb but does no damage.
Ijyb hits you but does no damage.
Aim: Ijyb, wearing a +0 leather armour and carrying a wand of acid (11) (heavily wounded)
The zap misses Ijyb.
Ijyb misses you.
Ijyb zaps a wand.
The bolt of acid misses you.
The zap hits Ijyb. x2
Ijyb zaps a wand.
The bolt of acid hits you!
Ouch! That really hurt!
* * * LOW HITPOINT WARNING * * *
The acid corrodes you!
You are splashed with acid!
You die...

##.....####.............
#....#....#.............
###...#.....#............
##.......##.##.......###..
###.....###..###......#.
.##.###..#.....#........
.........#.........)....
...........###..........
...#........###.@....#.
...##......####.........
............##.g........
...#.###...###..#.......
...#......####.##.......
......##...#...#........
...#............#.......
...#.....##.##.##.......
#### ....#.............


You could see Ijyb.

Vanquished Creatures
  An iguana (D:3)
  7 adders
  2 worms (D:2)
  A dart slug (D:2)
  A leopard gecko (D:2)
  4 orcs
  3 giant cockroaches
  11 goblins
  7 hobgoblins
  4 jackals (D:4)
  6 kobolds
  2 quokkas
  2 ball pythons
  6 bats
  4 frilled lizards
  23 rats
84 creatures vanquished.

Notes
Turn   | Place    | Note
-------+----------+-------------------------------------------
     0 | D:1      | vurker the Tengu Air Elementalist began the quest for the
                  | Orb.
     0 | D:1      | Reached XP level 1. HP: 10/10 MP: 4/4
   219 | D:1      | Reached XP level 2. HP: 15/15 MP: 0/6
  1222 | D:2      | Reached XP level 3. HP: 20/20 MP: 4/7
  1561 | D:2      | Reached skill level 1 in Fighting
  1844 | D:2      | Found an ornate altar of the Wu Jian Council.
  1844 | D:2      | Found a shimmering blue altar of Sif Muna.
  1846 | D:2      | Reached XP level 4. HP: 25/25 MP: 5/9
  1855 | D:2      | Reached skill level 5 in Air Magic
  2296 | D:2      | Found an iron altar of Okawaru.
  2296 | D:2      | Found a shattered altar of Ashenzari.
  3065 | D:3      | Gained mutation: You can fly continuously. [Tengu growth]
  3065 | D:3      | Reached XP level 5. HP: 29/29 MP: 8/10
  3235 | D:3      | Found a hide-covered altar of Uskayaw.
  3598 | D:3      | Learned a level 5 spell: Lightning Bolt
  3603 | D:3      | Learned a level 4 spell: Airstrike
  3652 | D:4      | Got a twisted hunting sling
  3653 | D:4      | Identified the +5 hunting sling "Vivohotu" {venom, MP+9
                  | Int+4} (You found it on level 4 of the Dungeon)
  3901 | D:4      | Noticed Ijyb
  3920 | D:4      | Splashed by Ijyb's acid

Illustrated notes

Levels and vault maps discovered:
D:1:      minmay_arrival_four_houses, layout_loops_ring
D:2:      layout_loops_ring, gammafunk_temple_overflow_pools,
          gammafunk_temple_overflow_wave, minmay_rat_hole
D:3:      layout_loops_ring, lemuel_crystal_altar
D:4:      layout_cave_pools, uniq_ijyb

Skill      XL: |  1  2  3  4 |
---------------+-------------+-----
Conjurations   | 2 |  2.9
Fighting       | 1 |  1.8
Air Magic      | 5 |  5.8
Spellcasting   | 3 |  3.3
Dodging        | |  2.1
Stealth        | |  2.0

Action                   |  1- 3 |  4- 6 || total
-------------------------+-------+-------++-------
Melee: Short sword       |    16 |    13 ||    29
       Peck              |     4 |       ||     4
       Kick              |     3 |     2 ||     5
 Cast: Shock             |    66 |    95 ||   161
 Abil: Fly               |       |     1 ||     1
  Eat: Chunk             |     4 |     6 ||    10
Armor: Robe              |     2 |     6 ||     8
Dodge: Dodged            |     7 |    24 ||    31

Table legend:
 A = Non-vault XP
 B = Vault XP
 C = Vault XP percentage of total XP
 D = Non-vault monster count
 E = Vault monster count
 F = Vault count percentage of total count
                 A         B        C        D         E       F
            +---------+---------+-------+---------+---------+-------
      Total |     239 |      20 |   7.7 |      65 |      19 |  22.6
            +---------+---------+-------+---------+---------+-------
        D:1 |      27 |       0 |   0.0 |      17 |       0 |   0.0
        D:2 |     105 |      20 |  16.0 |      23 |      19 |  45.2
        D:3 |      93 |       0 |   0.0 |      19 |       0 |   0.0
        D:4 |      14 |       0 |   0.0 |       6 |       0 |   0.0
            +---------+---------+-------+---------+---------+-------
